 Dungeon Crawl Stone Soup version 0.13-a0-1536-gedae9ec (webtiles) character file.

50 Kae the Grave Robber (level 2, 17/20 HPs)
             Began as a Draconian Necromancer on June 9, 2013.
             Quit the game on Level 1 of the Dungeon.
             The game lasted 00:01:36 (888 turns).

Kae the Grave Robber (Draconian Necromancer)         Turns: 888, Time: 00:01:36

HP  17/20        AC  4     Str 10      XL: 2   Next: 37%
MP   4/4         EV 12     Int 15      God:
Gold 34          SH  0     Dex 11      Spells:  2 memorised,  1 level left

Res.Fire  : . . .   See Invis. : .   f - +2,+1 whip
Res.Cold  : . . .   Warding    : .   (armour unavailable)
Life Prot.: . . .   Conserve   : .   (no shield)
Res.Poison: .       Res.Corr.  : .   (helmet restricted)
Res.Elec. : .       Clarity    : .   (no cloak)
Sust.Abil.: . .     Spirit.Shd : .   (no gloves)
Res.Mut.  : .       Stasis     : .   (no boots)
Res.Rott. : .       Flight     : .   (no amulet)
Saprovore : . . .                    (no ring)
                                     (no ring)

@: not resistant to hostile enchantments, unstealthy
A: unfitting armour, AC +4
a: no special abilities


You were on level 1 of the Dungeon.
You were not hungry.

You visited 1 branch of the dungeon, and saw 1 of its levels.

You collected 14 gold pieces.

Inventory:

Hand weapons
 f - a +2,+1 whip (weapon)
Comestibles
 a - an apple
 c - a bread ration
 g - a choko
 h - a rotting chunk of bat flesh
 i - 2 rotting chunks of bat flesh
 j - 2 rotting chunks of goblin flesh
 k - a pear
Scrolls
 d - a scroll of fear {unknown}
 m - 2 scrolls of random uselessness {unknown}
Potions
 e - a potion of might {unknown}
 l - a potion of magic {unknown}
Books
 b - a book of Necromancy

   Spells                             Type                      Level
   *Pain                              Necromancy                   1
   *Animate Skeleton                  Necromancy                   1
   Lethal Infusion                    Charms/Necromancy            2
   Vampiric Draining                  Necromancy                   3
   Regeneration                       Charms/Necromancy            3
   Animate Dead                       Necromancy                   4
   Control Undead                     Necromancy                   4


   Skills:
 - Level 1.7 Dodging
 - Level 1.7 Stealth
 + Level 1.4 Spellcasting
 * Level 4.4 Necromancy


You had one spell level left.
You knew the following spells:

 Your Spells              Type           Power        Failure   Level  Hunger
a - Pain                  Necr           ##..         4%          1    ##.....
b - Animate Skeleton      Necr           N/A          4%          1    ##.....


Dungeon Overview and Level Annotations

Branches:
Dungeon (1/27)

Altars:


Message History

Confirm with . or Enter, or press ? or * to list all spells.
You can't see any susceptible monsters within range! (Use Z to cast anyway.)
Casting: Pain
Confirm with . or Enter, or press ? or * to list all spells.
You can't see any susceptible monsters within range! (Use Z to cast anyway.)
You start resting.
Magic restored.
You swap places.
You see here a giant newt corpse.
You start butchering the giant newt corpse with your knife.
You continue butchering the corpse.
You finish chopping the giant newt corpse into pieces.
n - a chunk of giant newt flesh There isn't anything here!
There isn't anything here!
Unknown command.
Eat a chunk of giant newt flesh? (ye/n/q/i?) This raw flesh tastes terrible.
You continue eating.
Are you sure you want to abandon this character and quit the game? (Confirm with "yes".)

...# #.#.##########
...# #.#.. ...#
#.#####+######### ...#
#.#...............
...#
#.#.#.............#
...#
#.#.#.............#
####
.#.#...!.........#
###+#zz.............##
#
#...z@#...............
##
#....z##.)..........##
.##
#.....+..........####
..##
#.....##########.#####
⌠..## #.....#
#...z.... ....##
######. ..##+#+#....
...⌠.## ..
............ ......##
.. ........z...
⌠...⌠..## ...
............


You could see friendly 2 bat skeletons, a friendly goblin skeleton and a
friendly kobold skeleton.

Vanquished Creatures
  A giant cockroach (D:1)
  A hobgoblin (D:1)
  6 bats (D:1)
  A giant newt (D:1)
  2 goblins (D:1)
  3 kobolds (D:1)
  A rat (D:1)
15 creatures vanquished.

Vanquished Creatures (collateral kills)
  A goblin (D:1)
1 creature vanquished.

Vanquished Creatures (others)
  A rat (D:1)
1 creature vanquished.

Grand Total: 17 creatures vanquished

Notes
Turn   | Place    | Note
--------------------------------------------------------------
     0 | D:1      | Kae, the Draconian Necromancer, began the quest for the Orb.
     0 | D:1      | Reached XP level 1. HP: 14/14 MP: 3/3
   561 | D:1      | Reached XP level 2. HP: 18/20 MP: 4/4
   564 | D:1      | Learned a level 1 spell: Animate Skeleton
   888 | D:1      | Quit the game

Action                   || total
-------------------------++-------
Melee: Unarmed           ||    11
       Whip              ||    21
 Cast: Pain              ||    19
       Animate Skeleton  ||     4
